 Dungeon Crawl Stone Soup version 0.17.1-2-g5865329 (webtiles) character file.

177 Lonerover the Sneak (level 5, 0/31 HPs)
             Began as a Kobold Assassin on Feb 1, 2016.
             Slain by an iguana (2 damage)
             ... on level 4 of the Dungeon.
             The game lasted 00:18:59 (3013 turns).

Lonerover the Sneak (Kobold Assassin)               Turns: 3013, Time: 00:19:00

Health: 0/31       AC:  5    Str:  9    XL:     5   Next: 87%
Magic:  5/5        EV: 16    Int:  9    God:
Gold:   172        SH:  0    Dex: 19    Spells: 0 memorised, 4 levels left

rFire  + + .     SeeInvis .     a - +2 dagger
rCold  . . .     Clarity  .     v - +1 robe {rC+ rF+}
rNeg   . . .     SustAt   .     (shield restricted)
rPois  .         Gourm    .     (no helmet)
rElec  .         Spirit   .     d - +0 cloak
rCorr  +         Warding  .     (no gloves)
rMut   .         Stasis   .     l - +0 pair of boots
MR     .....                    F - amulet of resist corrosion
Stlth  ++++......               (no ring)
                                z - ring of fire

@: not resistant to hostile enchantments, stealthy
A: carnivore 3
a: no special abilities


You were on level 4 of the Dungeon.
You were completely stuffed.

You visited 1 branch of the dungeon, and saw 4 of its levels.

You collected 172 gold pieces.

Inventory:

Hand Weapons
 a - a +2 dagger (weapon)
 b - a +0 blowgun
 o - a +0 dagger of venom
 r - a +0 short sword
 x - a +0 dagger
Missiles
 e - 8 poisoned needles
 f - 3 curare-tipped needles
 C - 5 needles of sleeping
Armour
 c - a +0 robe
 d - a +0 cloak (worn)
 l - a +0 pair of boots (worn)
 s - a +0 leather armour
 v - a +1 robe of resistance (worn)
Jewellery
 z - a ring of fire (left hand)
 F - an amulet of resist corrosion (around neck)
Scrolls
 i - 2 scrolls of teleportation
 j - a scroll of magic mapping {unknown}
 n - a scroll of blinking
 q - a scroll of enchant weapon {unknown}
 y - a scroll of identify
Potions
 k - 2 potions of ambrosia {unknown}
 m - a potion of mutation
 t - a potion of agility {unknown}
 u - a potion of cancellation {unknown}
 w - a potion of lignification {unknown}
 A - a potion of degeneration {unknown}
 D - a potion of curing {unknown}
Books
 h - a book of Death

   Spells                             Type                      Level
   a - Corpse Rot                     Necromancy                   2
   b - Sublimation of Blood           Necromancy                   2
   c - Agony                          Necromancy                   5
   d - Dispel Undead                  Necromancy                   5
   e - Excruciating Wounds            Charms/Necromancy            5
   f - Bolt of Draining               Conjuration/Necromancy       5
 E - a book of Burglary

   Spells                             Type                      Level
   a - Swiftness                      Charms/Air                   2
   b - Passwall                       Transmutation/Earth          3
   c - Passage of Golubria            Translocation                4
   d - Lee's Rapid Deconstruction     Earth                        5
   e - Darkness                       Hexes                        6
   f - Invisibility                   Hexes                        6
Comestibles
 g - a meat ration
 p - a slice of pizza
 B - 2 chunks of flesh


   Skills:
 + Level 2.6 Fighting
 + Level 3.6 Short Blades
 + Level 2.1 Throwing
 + Level 3.3 Dodging
 + Level 7.7 Stealth


You had 4 spell levels left.
You didn't know any spells.

Dungeon Overview and Level Annotations

Branches:
Dungeon (4/15)
 Temple: D:4-7

Altars:
Ashenzari
Fedhas

Annotations:
D:3 kaze's ghost, amateur TrBe


Innate Abilities, Weirdness & Mutations

You are small and have problems with some larger weapons.
You are carnivorous and can eat meat at any time.


Message History

The iguana is severely wounded.
You hit the iguana but do no damage.
The iguana is severely wounded.
The iguana bites you.
You hit the iguana but do no damage.
The iguana is severely wounded.
The iguana bites you!
* * * LOW HITPOINT WARNING * * *
You hit the iguana.
The iguana is almost dead.
The iguana bites you but does no damage.
You hit the iguana but do no damage.
The iguana is almost dead.
The iguana closely misses you.
You hit the iguana but do no damage.
The iguana is almost dead.
You closely miss the iguana.
The iguana is almost dead.
The iguana bites you.
You die...

## .. # #. .......
#.###.### ......
....... ...... #...#
..... #@# ..... #l#
....## #########'#####
.....###†.!..........#
......##.###.........#
......##.# #...<.....#
.........# #.........#
#....##### #.........#
#....# #.........#


You could see an iguana.

Vanquished Creatures
  A worker ant (D:4)
  An iguana (D:4)
  A hound skeleton (D:4)
  2 adders (D:3)
  An adder skeleton (D:4)
  4 worms
  5 giant geckos
  4 orcs (D:3)
  8 goblins
  3 hobgoblins (D:1)
  4 jackals
  7 kobolds
  2 quokkas
  2 ball pythons
  10 bats
  2 giant cockroaches (D:2)
  4 giant newts
  13 rats
74 creatures vanquished.

Notes
Turn   | Place    | Note
--------------------------------------------------------------
     0 | D:1      | Lonerover the Kobold Assassin began the quest for the Orb.
     0 | D:1      | Reached XP level 1. HP: 12/12 MP: 1/1
   130 | D:1      | Reached XP level 2. HP: 17/17 MP: 2/2
   384 | D:1      | Reached skill level 6 in Stealth
   722 | D:2      | Reached XP level 3. HP: 16/21 MP: 3/3
  1605 | D:3      | Found a shattered altar of Ashenzari.
  1622 | D:3      | Reached XP level 4. HP: 27/27 MP: 4/4
  1856 | D:3      | Found a blossoming altar of Fedhas.
  1967 | D:3      | Reached skill level 7 in Stealth
  2404 | D:3      | Noticed kaze's ghost (amateur TrBe)
  2459 | D:3      | Reached XP level 5. HP: 31/31 MP: 5/5
  3013 | D:4      | Slain by an iguana

Action                   |  1- 3 |  4- 6 || total
-------------------------+-------+-------++-------
Melee: Dagger            |   101 |   144 ||   245
  Use: Scroll            |     6 |       ||     6
 Stab: Sleeping          |    21 |    15 ||    36
  Eat: Chunk             |    10 |     5 ||    15
